 Dungeon Crawl Stone Soup version 0.29-a0-973-gac7da5f7f0 (webtiles) character file.

Game seed: 12601275754088385308

9849 inmateoo the Cleaver (level 11, -6/69 (77) HPs)
             Began as a Demonspawn Fighter on July 31, 2022.
             Was a Follower of Hepliaklqana.
             Killed from afar by an orc sorcerer (26 damage)
             ... with a bolt of negative energy
             ... on level 8 of the Dungeon.
             The game lasted 00:10:13 (10871 turns).

inmateoo the Cleaver (Demonspawn Fighter)          Turns: 10871, Time: 00:10:13

HP:   -6/69 (77)    AC: 23    Str: 20    XL:     11   Next: 28%
MP:   10/11         EV:  8    Int: 13    God:    Hepliaklqana [*.....]
Gold: 481           SH: 10    Dex: 13    Spells: 10/10 levels left

rFire   + . .      SeeInvis .   b - +3 hand axe
rCold   . . .      Faith    .   m - +0 kite shield
rNeg    . . .      Spirit   .   t - +4 chain mail {rPois}
rPois   +          Reflect  .   v - +2 helmet {Int+3}
rElec   .          Harm     .   g - +2 cloak
rCorr   +          Rampage  .   (no gloves)
Will    .....                   (no boots)
Stlth   ..........              (no amulet)
HPRegen 0.21/turn               e - ring of resist corrosion
MPRegen 0.12/turn               C - ring of Suspected Treachery {Wiz rPois rF+ Stlth+}

@: heavily drained
A: reduced essence, yellow scales 1, foul stench 3, demonic touch 2
a: Renounce Religion, Recall Ancestor, Ancestor Identity


You were on level 8 of the Dungeon.
You worshipped Hepliaklqana.
Hepliaklqana was aware of your devotion.
You visited 2 branches of the dungeon, and saw 10 of its levels.

You collected 481 gold pieces.

Inventory:

Hand Weapons
 a - a +1 war axe
 b - a +3 hand axe (weapon)
Missiles
 l - 2 throwing nets (quivered)
Armour
 g - a +2 cloak (worn)
 m - a +0 kite shield (worn)
 t - a +4 chain mail of poison resistance (worn)
 v - a +2 helmet of intelligence (worn)
Jewellery
 e - a ring of resist corrosion (left hand)
 C - the ring of Suspected Treachery (right hand) {Wiz rPois rF+ Stlth+}
   (You found it on level 8 of the Dungeon)

   [ring of wizardry]

   It improves your spell success rate.
   rF:        It protects you from fire.
   rPois:     It protects you from poison.
   Stlth:     It makes you more stealthy.
Wands
 q - a wand of polymorph (13)
 w - a wand of iceblast (8)
Scrolls
 y - a scroll of magic mapping
 A - 2 scrolls of identify
Potions
 d - 2 potions of might
 f - a potion of resistance
 i - 2 potions of mutation
 j - 2 potions of curing {unknown}
 n - a potion of haste {unknown}
 o - a potion of ambrosia {unknown}
 p - 2 potions of cancellation {unknown}
 r - 2 potions of attraction {unknown}
 s - 2 potions of berserk rage {unknown}
 u - 4 potions of brilliance {unknown}
 x - a potion of magic {unknown}
 B - a potion of degeneration {unknown}


   Skills:
 + Level 7.9 Fighting
 * Level 9.8 Axes
 + Level 7.2 Armour
 + Level 6.5 Dodging
 + Level 7.1 Shields


You had 10 spell levels left.
You didn't know any spells.
Your spell library contained the following spells:

 Spells                   Type           Power      Damage    Failure   Level
 Magic Dart               Conj           0%         1d3       92%         1
 Summon Small Mammal      Summ           0%         N/A       92%         1
 Searing Ray              Conj           0%         2d4       98%         2
 Sublimation of Blood     Necr           0%         N/A       98%         2
 Wereblood                Tmut           0%         N/A       98%         2
 Call Canine Familiar     Summ           0%         N/A       100%        3
 Gell's Gravitas          Tloc           0%         N/A       100%        3
 Lesser Beckoning         Tloc           0%         N/A       100%        3
 Summon Guardian Golem    Hex/Summ       0%         N/A       100%        3
 Teleport Other           Tloc           0%         N/A       100%        3
 Fulminant Prism          Conj/Hex       0%         3d6       100%        4
 Orb of Destruction       Conj           0%         9d5       100%        7
 Spellforged Servitor     Conj/Summ      0%         N/A       100%        7
 Summon Hydra             Summ           0%         N/A       100%        7


Dungeon Overview and Level Annotations

Branches:
Dungeon (9/15)             Temple (1/1) D:5
   Lair: D:8-11         Orc: D:9-12

Altars:
Cheibriados
Dithmenos
Fedhas
Hepliaklqana
Kikubaaqudgha
Makhleb
Okawaru
Qazlal
Sif Muna
Trog
Uskayaw
Vehumet
Wu Jian
Xom
Yredelemnul


Innate Abilities, Weirdness & Mutations

Your life essence is reduced to manifest your ancestor. (-10% HP)
You are partially covered in yellow scales. (AC +2)
You frequently emit foul miasma when damaged in melee.
Your touch may inflict irresistible damage on your foes.


Message History

You shrug off the repeated paralysis!
You can move again.
Unknown command.
Unknown command.
The orc sorcerer hits you but does no damage.
You see here a +0 shortbow.
You hit the orc sorcerer.
The orc sorcerer is moderately wounded.
You block the orc sorcerer's attack.
Mettia hits the orc sorcerer.
You barely miss the orc sorcerer.
The orc sorcerer is moderately wounded.
The orc sorcerer closely misses you.
Mettia closely misses the orc sorcerer.
You hit the orc sorcerer.
The orc sorcerer is moderately wounded.
The orc sorcerer barely misses you.
Mettia closely misses the orc sorcerer.
You hit the orc sorcerer but do no damage.
The orc sorcerer is moderately wounded.
The orc sorcerer becomes larger for a moment.
The orc sorcerer barely misses you.
You completely miss the orc sorcerer.
The orc sorcerer is moderately wounded.
Mettia hits the orc sorcerer but does no damage.
The orc sorcerer points at you and mumbles some strange words.
The bolt of negative energy misses you.
You hit the orc sorcerer.
The orc sorcerer is heavily wounded.
Mettia hits the orc sorcerer.
You block the orc sorcerer's attack.
You barely miss the orc sorcerer.
The orc sorcerer is severely wounded.
Mettia barely misses the orc sorcerer.
The orc sorcerer gestures at you while chanting.
The bolt of negative energy hits you!!
You feel drained.
* * * LOW HITPOINT WARNING * * *
You are too injured to fight recklessly!
You miss the orc sorcerer.
The orc sorcerer is severely wounded.
Mettia hits the orc sorcerer.
The orc sorcerer casts a spell at you. The bolt of negative energy hits you!!
You feel drained.
You die...

..######........#.......## #..##
.##...⌠#......#..........###.)##
.#.._..#8'8..................))##
.#.######.#.#...#...............#
.#.....'..#.#....#......#.......#
.#.....'..#..##.........#.......#
.#.######.#..##.#..............#.
.#.._).#8+8......................
.##...⌠#........@o##.............
..######........#R#..........####
..............(.))...........#
##.............##..#.........####
...........##.##...#..........<.#
...........#...#...##...........#
...#.......##....####...##.......
##.#.#.....####.##.##....##......
##...#..#........................


You could see the friendly Mettia the ancestor and an orc sorcerer (ally
target).

Vanquished Creatures
  2 boulder beetles (D:8)
  A centaur warrior (D:9)
  A two-headed ogre (D:9)
  Pikel (D:6)
  A manticore (D:9)
  2 hornets
  5 yaks (D:7)
  2 wyverns
  A water moccasin (D:6)
  2 orc warriors
  2 black bears
  8 sky beasts
  3 ogres (D:6)
  A lemure (D:6)
  6 centaurs
  2 phantoms
  2 kobold brigands (D:8)
  3 necrophages
  5 bullfrogs
  3 gnoll sergeants
  3 scorpions
  5 wights
  7 killer bees (D:7)
  2 howler monkeys
  6 orc priests
  5 hounds
  2 gnoll boudas
  3 iguanas
  Jessica (D:2)
  Terence (D:3)
  13 orc wizards
  21 gnolls
  6 adders
  2 shadow imps (D:7)
  4 white imps
  An ufetubus (D:5)
  3 worms
  A dart slug (D:2)
  37 orcs
  5 ball pythons
  5 endoplasms
  3 giant cockroaches
  8 goblins
  4 hobgoblins
  4 jackals
  A quokka (D:4)
  4 bats
  A frilled lizard (D:1)
  5 kobolds
  3 rats
219 creatures vanquished.

Vanquished Creatures (collateral kills)
  A wyvern (D:8)
  A killer bee (D:9)
  An orc wizard (D:9)
3 creatures vanquished.

Vanquished Creatures (others)
  3 ancestors
  8 plants
11 creatures vanquished.

Grand Total: 233 creatures vanquished

Notes
Turn   | Place    | Note
-------+----------+-------------------------------------------
     0 | D:1      | inmateoo the Demonspawn Fighter began the quest for the
                  | Orb.
     0 | D:1      | Reached XP level 1. HP: 18/18 MP: 1/1
   150 | D:1      | Reached skill level 2 in Axes
   156 | D:1      | Gained mutation: You may rarely emit foul miasma when
                  | damaged in melee. [demonic ancestry]
   156 | D:1      | Reached XP level 2. HP: 14/24 MP: 2/2
   187 | D:1      | You fall into a shaft and drop 1 floor!
   718 | D:2      | Noticed Jessica
   730 | D:2      | Killed Jessica
   731 | D:2      | Gained mutation: Your touch may inflict minor irresistible
                  | damage on your foes. [demonic ancestry]
   731 | D:2      | Reached XP level 3. HP: 25/29 MP: 3/3
   744 | D:2      | Reached skill level 1 in Dodging
   813 | D:2      | Found a faded altar of an unknown god.
   961 | D:2      | Reached XP level 4. HP: 27/35 MP: 4/4
   986 | D:2      | Reached skill level 3 in Axes
  1412 | D:3      | Gained mutation: You sometimes emit foul miasma when
                  | damaged in melee. [demonic ancestry]
  1412 | D:3      | Reached XP level 5. HP: 30/41 MP: 5/5
  1714 | D:3      | Gained mutation: You frequently emit foul miasma when
                  | damaged in melee. [demonic ancestry]
  1714 | D:3      | Reached XP level 6. HP: 18/48 MP: 6/6
  1968 | D:3      | Found a stormy altar of Qazlal.
  2134 | D:3      | Noticed Terence
  2146 | D:3      | Killed Terence
  2378 | D:4      | Reached skill level 4 in Axes
  2619 | D:4      | Reached XP level 7. HP: 47/54 MP: 7/7
  3379 | D:5      | Entered Level 5 of the Dungeon
  3379 | D:5      | Found a staircase to the Ecumenical Temple.
  3388 | Temple   | Entered the Ecumenical Temple
  3504 | D:5      | Found an iron altar of Okawaru.
  3660 | D:5      | Reached skill level 5 in Axes
  3769 | D:5      | Reached XP level 8. HP: 56/61 MP: 8/8
  4459 | D:6      | Reached skill level 5 in Fighting
  4562 | D:6      | Reached skill level 6 in Axes
  4728 | D:6      | Identified the +4 mace "Egurph" {speed, Dex+7 Stlth+}
  4774 | D:6      | Reached skill level 5 in Armour
  4819 | D:6      | Reached skill level 5 in Shields
  5250 | D:6      | Found a hazy altar of Hepliaklqana.
  5251 | D:6      | Found a shimmering altar of Xom.
  5252 | D:6      | Noticed a spectral ugly thing
  5313 | D:6      | Became a worshipper of Hepliaklqana the Forgotten
  5345 | D:6      | Gained mutation: Your touch may inflict irresistible damage
                  | on your foes. [demonic ancestry]
  5345 | D:6      | Reached XP level 9. HP: 60/68 MP: 9/9
  5663 | D:6      | Noticed Pikel
  5686 | D:6      | Killed Pikel
  5687 | D:6      | Reached skill level 7 in Axes
  6196 | D:7      | Reached skill level 5 in Dodging
  6231 | D:7      | Reached skill level 8 in Axes
  6231 | D:7      | Reached XP level 10. HP: 32/77 MP: 10/10
  6572 | D:7      | Found a shadowy altar of Dithmenos.
  6617 | D:7      | Found an ornate altar of the Wu Jian Council.
  6888 | D:6      | Paralysed by a hornet for 1 turns
  7670 | D:7      | Found a shimmering blue altar of Sif Muna.
  7736 | D:7      | Found a bloodstained altar of Trog.
  8338 | D:8      | Found a large runed translucent door.
  8339 | D:8      | Found a large runed translucent door.
  8823 | D:8      | Identified the ring of Suspected Treachery {Wiz rPois rF+
                  | Stlth+}
  8904 | D:8      | Reached * piety under Hepliaklqana
  9087 | D:8      | Found an ancient bone altar of Kikubaaqudgha.
  9102 | D:8      | Found a burning altar of Makhleb.
  9114 | D:8      | Reached skill level 9 in Axes
  9303 | D:9      | Noticed a two-headed ogre
  9310 | D:9      | Killed a two-headed ogre
  9312 | D:9      | Noticed a boulder beetle
  9330 | D:9      | HP: 1/71 [boulder beetle (15)]
  9665 | D:9      | Noticed a centaur warrior
 10070 | D:8      | Killed a boulder beetle
 10071 | D:8      | Gained mutation: You are partially covered in yellow
                  | scales. (AC +2) [demonic ancestry]
 10071 | D:8      | Reached XP level 11. HP: 29/75 MP: 11/11
 10282 | D:9      | Noticed a boulder beetle
 10361 | D:9      | Killed a centaur warrior
 10467 | D:9      | Identified the amulet of Avun {RegenMP Harm *Corrode rElec}
 10467 | D:9      | Noticed an orc sorcerer
 10492 | D:8      | Killed a boulder beetle
 10850 | D:9      | Paralysed by an orc sorcerer for 4 turns
 10858 | D:8      | Paralysed by an orc sorcerer for 5 turns
 10871 | D:8      | Killed from afar by an orc sorcerer

Illustrated notes

Levels and vault maps discovered:
D:1:      lightli_molten_gateway, layout_rooms
D:2:      layout_basic, ebering_ecumenical_altar_sacrificial,
          minmay_misc_feat_room, uniq_jessica
D:3:      layout_rooms, mainiacjoe_overflow_alcove_4, uniq_terence
D:4:      layout_rooms
D:5:      layout_gridville, okawaru_metal_pillars_1_2,
          minmay_temple_entry_overgrown
D:6:      layout_loops_cross, regret_index_temple_of_mockery, uniq_pikel
D:7:      layout_rooms, nicolae_dithmenos_the_darkroom, tgw_sif,
          marbit_many_paths, minmay_stone_trees_small, minmay_ruined_shrine
D:8:      layout_cave_pools, jmf_multi_god_temple2
D:9:      minmay_the_grid_4x2 [minmay_the_grid_garden,
          minmay_the_grid_zigzag_pyramid, minmay_the_grid_x,
          minmay_the_grid_embedded, minmay_the_grid_minigrid_medium,
          minmay_the_grid_rooms, minmay_the_grid_tri_star,
          minmay_the_grid_prize_trominoes], layout_stronghold
Temple:   kb_temple_of_zot

Skill      XL: |  1  2  3  4  5  6  7  8  9 10 11 |
---------------+----------------------------------+-----
Axes           | 2 3 4 5 6 8 9 |  9.8
Armour         | 3 4 5 6 7 |  7.2
Shields        | 3 4 5 6 7 |  7.1
Dodging        | 1 2 3 4 5 6 |  6.5
Fighting       | 4 5 6 7 |  7.9

Action                   |  1- 3 |  4- 6 |  7- 9 | 10-12 || total
-------------------------+-------+-------+-------+-------++-------
Melee: War axe           |    63 |   135 |    75 |       ||   273
       Hand axe          |       |       |   295 |   345 ||   640
Throw: Dart              |       |       |       |    10 ||    10
Invok: Recall Ancestor   |       |       |       |     2 ||     2
Evoke: Wand              |       |       |     5 |     9 ||    14
  Use: Scroll            |       |     4 |    12 |     1 ||    17
       Potion            |       |     1 |       |     4 ||     5
Armor: Scale mail        |    36 |    19 |       |       ||    55
       Chain mail        |       |    78 |   257 |   294 ||   629
Dodge: Dodged            |    32 |    76 |   140 |   175 ||   423
Block: Buckler           |     7 |    33 |    75 |    50 ||   165
       Kite shield       |       |       |       |   164 ||   164

Table legend: (Time is in decaauts)
 A = Elapsed time spent in this place.
 B = Non-inter-level travel time spent in this place.
 C = Inter-level travel time spent in this place.
 D = Time resting spent in this place.
 E = Time spent auto-exploring this place.
 F = Levels seen in this place.
 G = Mean time per level.
                   A        B        C        D        E       F      G
               +--------+--------+--------+--------+--------+-----+--------+
         Total |  10982 |  10678 |    304 |   5611 |   2973 |  10 | 1098.2 |
       Dungeon |  10884 |  10589 |    295 |   5611 |   2890 |   9 | 1209.3 |
        Temple |     97 |     88 |      9 |      0 |     83 |   1 |   97.0 |
               +--------+--------+--------+--------+--------+-----+--------+

Top non-repeatable levels by time:
     D:8: 2610 daAuts
     D:6: 2209 daAuts
     D:7: 1415 daAuts
     D:2: 1099 daAuts
     D:4: 997 daAuts
     D:3: 934 daAuts
     D:5: 845 daAuts
     D:1: 561 daAuts
     D:9: 210 daAuts
  Temple: 97 daAuts
